 Dungeon Crawl Stone Soup version 0.30-a0-715-gdb4ae3ece1 (webtiles) character file.

Game seed: 6954613538589226053

105 Darius099 the Covered (level 4, -2/29 HPs)
             Began as a Gargoyle Fighter on Jan 23, 2023.
             Slain by Grinder (8 damage)
             ... on level 3 of the Dungeon.
             The game lasted 00:03:24 (1722 turns).

Darius099 the Covered (Gargoyle Fighter)            Turns: 1722, Time: 00:03:24

Health: -2/29      AC: 11    Str: 20    XL:     4   Next: 83%
Magic:  4/4        EV:  9    Int:  8    God:
Gold:   113        SH:  4    Dex: 11    Spells: 3/3 levels left

rFire   . . .      SeeInvis .    a - +0 flail
rCold   . . .      Faith    .    c - +0 buckler
rNeg    + . .      Spirit   .    b - +0 scale mail
rPois   ∞          Reflect  .    (no helmet)
rElec   +          Harm     .    l - +0 cloak
rCorr   .          Rampage  .    (no gloves)
Will    .....                    (no boots) Stlth
                                 (no amulet)
HPRegen 0.24/turn                k - ring of flight
MPRegen 0.09/turn                (no ring)

@: flying
A: sickness immunity, AC +3, negative energy resistance 1, electricity
resistance, torment resistance 1, petrification resistance
a: no special abilities


You were on level 3 of the Dungeon.
You visited 1 branch of the dungeon, and saw 3 of its levels.

You collected 113 gold pieces.

Inventory:

Hand Weapons
 a - a +0 flail (weapon)
Armour
 b - a +0 scale mail (worn)
 c - a +0 buckler (worn)
 l - a +0 cloak (worn)
Jewellery
 k - a ring of flight (left hand)
Scrolls
 f - 3 scrolls of blinking {unknown}
 h - 6 scrolls of teleportation {unknown}
 m - a scroll of identify {unknown}
 n - a scroll of acquirement {unknown}
 o - a scroll of poison {unknown}
Potions
 d - 2 potions of might
 e - 2 potions of curing {unknown}
 g - a potion of flight {unknown}
 i - a potion of haste {unknown}
 j - 2 potions of invisibility {unknown}
 p - 2 potions of cancellation {unknown}
 q - a potion of attraction {unknown}


   Skills:
 + Level 4.1 Fighting
 + Level 2.9 Maces & Flails
 + Level 4.1 Armour
 + Level 4.1 Shields


You had 3 spell levels left.
You didn't know any spells.
Your spell library was empty.

Dungeon Overview and Level Annotations

Branches:
Dungeon (3/15)

Altars:

Annotations:
D:3 Grinder


Innate Abilities, Weirdness & Mutations

You are immune to sickness and miasma.
Your stone body is resilient. (AC +3)
You are immune to poison.
You resist negative energy. (rN+)
You are resistant to electric shocks. (rElec)
You are resistant to unholy torment.
You are immune to petrification.


Message History

Grinder hits you but does no damage.
Unknown command.
You sock Grinder!
Grinder is moderately wounded.
Grinder blinks!
Unknown command.
A goblin comes into view. It is wielding a +0 club.
The goblin shouts!
Unknown command.
Unknown command.
Grinder says, "I used to sell toenails on the black market."
Grinder barely misses you.
You closely miss Grinder.
Grinder is moderately wounded.
Grinder gestures at you.
You suddenly lose the ability to move!
Grinder hits you but does no damage. Grinder hits you.
You writhe in agony.
Grinder hits you! Grinder hits you but does no damage.
You can move again.
You closely miss Grinder.
Grinder is moderately wounded.
Grinder gestures at you. Pain shoots through your body!
The goblin hits you but does no damage.
Unknown command.
Unknown command.
You barely miss Grinder.
Grinder is moderately wounded.
Grinder gestures at you.
You suddenly lose the ability to move!
The goblin hits you but does no damage. Grinder gestures at you.
Pain shoots through your body!
* * * LOW HITPOINT WARNING * * *
The goblin hits you but does no damage.
You can move again.
You hit Grinder.
Grinder is heavily wounded.
Grinder hits you!
You die...

### ####.. ###
########## ##.....
...##...##...#####..##..
[.............##...#####
..........<.)...........
.................#######
#....5........#########
#....)@......## .......
....#..g.#....#######...
................)..†....
.##.####.####.##########
#. #.# #..###...### .
... ##.......... # ....
###....... ......
#....... g......
#.......


You could see Grinder and a goblin.

Vanquished Creatures
  Crazy Yiuf (D:2)
  An adder (D:2)
  A dart slug (D:2)
  4 orcs (D:2)
  2 ball pythons
  5 bats
  7 endoplasms
  3 giant cockroaches
  6 goblins
  6 hobgoblins
  4 jackals (D:2)
  A quokka (D:3)
  4 frilled lizards
  4 kobolds
  5 rats
54 creatures vanquished.

Notes
Turn   | Place    | Note
-------+----------+-------------------------------------------
     0 | D:1      | Darius099 the Gargoyle Fighter began the quest for the Orb.
     0 | D:1      | Reached XP level 1. HP: 14/14 MP: 1/1
   130 | D:1      | Reached XP level 2. HP: 19/19 MP: 2/2
   841 | D:2      | Reached XP level 3. HP: 14/23 MP: 3/3
   996 | D:2      | Found a runed translucent door.
   997 | D:2      | Noticed Crazy Yiuf
  1293 | D:2      | Killed Crazy Yiuf
  1294 | D:2      | Reached XP level 4. HP: 15/29 MP: 4/4
  1694 | D:3      | Noticed Grinder
  1699 | D:3      | Paralysed by Grinder for 2 turns
  1705 | D:3      | Paralysed by Grinder for 3 turns
  1714 | D:3      | Paralysed by Grinder for 5 turns
  1720 | D:3      | Paralysed by Grinder for 2 turns
  1722 | D:3      | Slain by Grinder

Illustrated notes

Levels and vault maps discovered:
D:1:      dpeg_arrival_radiant, layout_basic, fountainhead
D:2:      layout_basic, uniq_crazy_yiuf_cottage
D:3:      layout_rooms, minivault_5, due_unseen_surprise, uniq_grinder

Skill      XL: |  1  2  3 |
---------------+----------+-----
Fighting       | 4 |  4.1
Armour         | 4 |  4.1
Shields        | 4 |  4.1
Maces & Flails | |  2.9

Action                     |  1- 3 |  4- 6 || total
---------------------------+-------+-------++-------
  Melee: Flail             |   138 |    65 ||   203
 Armour: Scale mail        |    96 |    50 ||   146
  Dodge: Dodged            |    77 |    32 ||   109
  Block: Buckler           |    33 |    14 ||    47

Table legend: (Time is in decaauts)
 A = Elapsed time spent in this place.
 B = Non-inter-level travel time spent in this place.
 C = Inter-level travel time spent in this place.
 D = Time resting spent in this place.
 E = Time spent auto-exploring this place.
 F = Levels seen in this place.
 G = Mean time per level.
                   A        B        C        D        E       F      G
               +--------+--------+--------+--------+--------+-----+--------+
         Total |   1790 |   1766 |     24 |     67 |   1096 |   3 |  596.7 |
       Dungeon |   1790 |   1766 |     24 |     67 |   1096 |   3 |  596.7 |
               +--------+--------+--------+--------+--------+-----+--------+

Top non-repeatable levels by time:
     D:2: 900 daAuts
     D:1: 605 daAuts
     D:3: 284 daAuts
